| TOP OF THE 1ST |
|
Reno Silver Sox batting - Pitching for Salinas Fire Frogs : RHP John Bulleri
|
|
Pitching: RHP John Bulleri
|
|
|
Batting: LHB Robert Markham
|
0-0: Ball 1-0: Bunted foul 1-1: Ball 2-1: Called Strike 2-2: Foul Ball, location: 2F 2-2: Ball 3-2: Ground out 4-3 (Groundball, 4M, EV 110.0 MPH)
|
|
Batting: RHB Kelly Gruber
|
0-0: Ball 1-0: Ball 2-0: Ball 3-0: Called Strike 3-1: Foul Ball, location: 2F 3-2: Fly out, F9 (Flyball, 9LS, EV 86.9 MPH)
|
|
Batting: LHB Felix Agapay
|
0-0: Ball 1-0: Called Strike 1-1: Ball 2-1: Foul Ball, location: 2F 2-2: Ball 3-2: Hit by Pitch
|
|
Batting: RHB Bill Crone
|
0-0: Foul Ball, location: 2F 0-1: Ball 1-1: Ball 2-1: Ground out U3 (Groundball, 34, EV 76.9 MPH)
|
| Top of the 1st over - 0 runs, 0 hits, 0 errors, 1 left on base; Reno 0 - Salinas 0 |
| BOTTOM OF THE 1ST |
|
Salinas Fire Frogs batting - Pitching for Reno Silver Sox : RHP Danny Ortiz
|
|
Pitching: RHP Danny Ortiz
|
|
|
Batting: RHB Timothy Hume
|
0-0: Ball 1-0: Ball 2-0: Ball 3-0: Base on Balls
|
|
Batting: RHB Fernando Olivero
|
0-0: Called Strike 0-1: Foul Ball, location: 2F 0-2: Ball 1-2: Foul Ball, location: 2F 1-2: Strikes out looking
|
|
Batting: SHB Sap Randall
|
0-0: Called Strike 0-1: Called Strike 0-2: Strikes out swinging
|
|
Batting: RHB Kevin Mitchell
|
0-0: Ball 1-0: Swinging Strike 1-1: Ball Wild Pitch! Timothy Hume to second 2-1: Ball 3-1: Foul Ball, location: 2F 3-2: Base on Balls
|
|
Batting: RHB Bruce Morrison
|
0-0: Ball 1-0: Ball 2-0: Foul Ball, location: 2F 2-1: Ball 3-1: Base on Balls Timothy Hume to third Kevin Mitchell to second
|
|
Batting: RHB Wes Wesley
|
0-0: Called Strike 0-1: Called Strike 0-2: Ball 1-2: Ball 2-2: Fielders Choice at 2nd, 6-4 (Groundball, 6, EV 101.9 MPH)
|
| Bottom of the 1st over - 0 runs, 0 hits, 0 errors, 3 left on base; Reno 0 - Salinas 0 |
| TOP OF THE 2ND |
|
Reno Silver Sox batting - Pitching for Salinas Fire Frogs : RHP John Bulleri
|
|
Batting: RHB Luis Rois
|
0-0: Ball 1-0: Ball 2-0: Fly out, F3 (Popup, 3SF, EV 84.4 MPH)
|
|
Batting: LHB George Cecchetti
|
0-0: Foul Ball, location: 2F 0-1: Foul Ball, location: 2F 0-2: SINGLE (Groundball, 4MS, EV 62.5 MPH) (infield hit)
|
|
Batting: RHB David Howard
|
0-0: Called Strike 0-1: Fielders Choice at 2nd, 5-4 (Groundball, 5L, EV 88.8 MPH)
|
|
Batting: RHB Aldo Bagiotti
|
0-0: Called Strike 0-1: Ball 1-1: Ball 2-1: Fly out, F7 (Flyball, 7, EV 95.6 MPH)
|
| Top of the 2nd over - 0 runs, 1 hit, 0 errors, 1 left on base; Reno 0 - Salinas 0 |
| BOTTOM OF THE 2ND |
|
Salinas Fire Frogs batting - Pitching for Reno Silver Sox : RHP Danny Ortiz
|
|
Batting: RHB Frank Castro
|
0-0: Ball 1-0: Called Strike 1-1: Ball 2-1: Foul Ball, location: 2F 2-2: Strikes out swinging
|
|
Batting: RHB Therron Harper
|
0-0: Called Strike 0-1: Bunt - Flyout to 3S! F3
|
|
Batting: RHB Leon Doak
|
0-0: Called Strike 0-1: Swinging Strike 0-2: Strikes out looking
|
| Bottom of the 2nd over - 0 runs, 0 hits, 0 errors, 0 left on base; Reno 0 - Salinas 0 |
| TOP OF THE 3RD |
|
Reno Silver Sox batting - Pitching for Salinas Fire Frogs : RHP John Bulleri
|
|
Batting: RHB Jeffrey Boyd
|
0-0: Called Strike 0-1: Ball 1-1: Called Strike 1-2: Ball 2-2: Ball 3-2: Base on Balls
|
|
Batting: LHB Robert Markham
|
0-0: Called Strike 0-1: Foul Ball, location: 2F 0-2: Ball 1-2: Fly out, F8 (Flyball, 8RM, EV 95.6 MPH)
|
|
Batting: RHB Kelly Gruber
|
0-0: Ball 1-0: Ball 2-0: Called Strike 2-1: Foul Ball, location: 2F 2-2: Foul Ball, location: 2F 2-2: Ball 3-2: Foul Ball, location: 2F 3-2: Fly out, F8 (Flyball, 89M, EV 86.9 MPH)
|
|
Batting: LHB Felix Agapay
|
0-0: Ball 1-0: Ground out 4-3 (Groundball, 4, EV 80.6 MPH)
|
| Top of the 3rd over - 0 runs, 0 hits, 0 errors, 1 left on base; Reno 0 - Salinas 0 |
| BOTTOM OF THE 3RD |
|
Salinas Fire Frogs batting - Pitching for Reno Silver Sox : RHP Danny Ortiz
|
|
Batting: RHB Timothy Hume
|
0-0: Ball 1-0: Ground out 4-3 (Groundball, 4, EV 88.1 MPH)
|
|
Batting: RHB Fernando Olivero
|
0-0: Ball 1-0: Ball 2-0: Foul Ball, location: 2F 2-1: Called Strike 2-2: Ground out 5-3 (Groundball, 5S, EV 70.0 MPH)
|
|
Batting: SHB Sap Randall
|
0-0: SINGLE (Line Drive, 4D, EV 103.8 MPH)
|
|
Batting: RHB Kevin Mitchell
|
0-0: Ball 1-0: Called Strike 1-1: Swinging Strike 1-2: Strikes out looking
|
| Bottom of the 3rd over - 0 runs, 1 hit, 0 errors, 1 left on base; Reno 0 - Salinas 0 |
| TOP OF THE 4TH |
|
Reno Silver Sox batting - Pitching for Salinas Fire Frogs : RHP John Bulleri
|
|
Batting: RHB Bill Crone
|
0-0: Called Strike 0-1: Ball 1-1: Ball 2-1: Called Strike 2-2: Ball 3-2: Foul Ball, location: 2F 3-2: SINGLE (Flyball, 8RS, EV 90.0 MPH)
|
|
Batting: RHB Luis Rois
|
0-0: Ball 1-0: Grounds into double play, 5-4-3 (Groundball, 56, EV 80.0 MPH)
|
|
Batting: LHB George Cecchetti
|
0-0: SINGLE (Groundball, 34D, EV 108.8 MPH)
|
|
Batting: RHB David Howard
|
0-0: Called Strike 0-1: Ball 1-1: Swinging Strike 1-2: Ball George Cecchetti steals 2nd base 2-2: Foul Ball, location: 2F 2-2: Fly out, F8 (Flyball, 8RM, EV 88.1 MPH)
|
| Top of the 4th over - 0 runs, 2 hits, 0 errors, 1 left on base; Reno 0 - Salinas 0 |
| BOTTOM OF THE 4TH |
|
Salinas Fire Frogs batting - Pitching for Reno Silver Sox : RHP Danny Ortiz
|
|
Batting: RHB Bruce Morrison
|
0-0: Foul Ball, location: 2F 0-1: Swinging Strike 0-2: Strikes out looking
|
|
Batting: RHB Wes Wesley
|
0-0: Ball 1-0: Ball 2-0: Called Strike 2-1: Swinging Strike 2-2: Strikes out swinging
|
|
Batting: RHB Frank Castro
|
0-0: Called Strike 0-1: Ball 1-1: Ball 2-1: Foul Ball, location: 2F 2-2: Strikes out swinging
|
| Bottom of the 4th over - 0 runs, 0 hits, 0 errors, 0 left on base; Reno 0 - Salinas 0 |
| TOP OF THE 5TH |
|
Reno Silver Sox batting - Pitching for Salinas Fire Frogs : RHP John Bulleri
|
|
Batting: RHB Aldo Bagiotti
|
0-0: Foul Ball, location: 2F 0-1: Swinging Strike 0-2: Hit by Pitch
|
|
Batting: RHB Jeffrey Boyd
|
0-0: Bunt missed! 0-1: Bunted foul 0-2: Ball 1-2: Ball 2-2: Foul Ball, location: 2F 2-2: Foul Ball, location: 2F 2-2: Ground out 5-3 (Groundball, 56S, EV 66.3 MPH) Aldo Bagiotti to second
|
|
Batting: LHB Robert Markham
|
0-0: Ball 1-0: Called Strike 1-1: Ball 2-1: DOUBLE (Flyball, 78XD, EV 98.8 MPH) Aldo Bagiotti scores
|
|
Batting: RHB Kelly Gruber
|
0-0: Foul Ball, location: 2F 0-1: Ball 1-1: Foul Ball, location: 2F 1-2: Ground out 5-3 (Groundball, 56S, EV 77.5 MPH)
|
|
Batting: LHB Felix Agapay
|
0-0: Called Strike 0-1: Ball 1-1: Fly out, F9 (Flyball, 9S, EV 95.6 MPH)
|
| Top of the 5th over - 1 run, 1 hit, 0 errors, 1 left on base; Reno 1 - Salinas 0 |
| BOTTOM OF THE 5TH |
|
Salinas Fire Frogs batting - Pitching for Reno Silver Sox : RHP Danny Ortiz
|
|
Batting: RHB Therron Harper
|
0-0: Bunted foul 0-1: Ground out 6-3 (Groundball, 6, EV 88.1 MPH)
|
|
Batting: RHB Leon Doak
|
0-0: SINGLE (Groundball, 56D, EV 105.0 MPH)
|
|
Batting: RHB Timothy Hume
|
0-0: Ball 1-0: Foul Ball, location: 2F 1-1: Fly out, F8 (Flyball, 78D, EV 84.4 MPH)
|
|
Batting: RHB Fernando Olivero
|
0-0: Ball 1-0: Ball 2-0: Called Strike 2-1: Swinging Strike 2-2: Foul Ball, location: 2F 2-2: Foul Ball, location: 2F 2-2: Foul Ball, location: 2F 2-2: Fly out, F8 (Flyball, 8LS, EV 90.6 MPH)
|
| Bottom of the 5th over - 0 runs, 1 hit, 0 errors, 1 left on base; Reno 1 - Salinas 0 |
| TOP OF THE 6TH |
|
Reno Silver Sox batting - Pitching for Salinas Fire Frogs : RHP John Bulleri
|
|
Pitching: RHP Thomas Schneider
|
|
|
Batting: RHB Bill Crone
|
0-0: Fly out, F9 (Flyball, 89D, EV 96.3 MPH)
|
|
Batting: RHB Luis Rois
|
0-0: Foul Ball, location: 2F 0-1: SOLO HOME RUN (Flyball, 7LD, EV 111.3 MPH), Distance : 345 ft
|
|
Batting: LHB George Cecchetti
|
0-0: Ball 1-0: Ball 2-0: Fly out, F7 (Line Drive, 7, EV 100.6 MPH)
|
|
Batting: RHB David Howard
|
0-0: Ball 1-0: Swinging Strike 1-1: Ball 2-1: Ball 3-1: Foul Ball, location: 2F 3-2: Foul Ball, location: 2F 3-2: Foul Ball, location: 2F 3-2: Strikes out swinging
|
| Top of the 6th over - 1 run, 1 hit, 0 errors, 0 left on base; Reno 2 - Salinas 0 |
| BOTTOM OF THE 6TH |
|
Salinas Fire Frogs batting - Pitching for Reno Silver Sox : RHP Danny Ortiz
|
|
Batting: SHB Sap Randall
|
0-0: Called Strike 0-1: Ball 1-1: Ball 2-1: Foul Ball, location: 2F 2-2: Foul Ball, location: 2F 2-2: Reaches on Catchers interference
|
|
Batting: RHB Kevin Mitchell
|
0-0: Ball 1-0: Foul Ball, location: 2F 1-1: Foul Ball, location: 2F 1-2: Ball 2-2: Ball 3-2: DOUBLE (Flyball, 8LXD, EV 94.4 MPH) Sap Randall to third Runner from 3rd tries for Home, SAFE, no throw by CF
|
|
Batting: RHB Bruce Morrison
|
0-0: Ball 1-0: Ball 2-0: Ball 3-0: Called Strike 3-1: Foul Ball, location: 2F 3-2: Foul Ball, location: 2F 3-2: Base on Balls
|
|
Batting: RHB Wes Wesley
|
0-0: Called Strike 0-1: Ball 1-1: Ground out 6-3 (Groundball, P, EV 80.6 MPH) Kevin Mitchell to third Bruce Morrison to second
|
|
Pitching: LHP Ramon Mena
|
|
|
Batting: RHB Frank Castro
|
0-0: 3-RUN HOME RUN (Flyball, 7D, EV 106.9 MPH), Distance : 376 ft
|
|
Batting: RHB Therron Harper
|
0-0: Ball 1-0: Swinging Strike 1-1: Foul Ball, location: 2F 1-2: Strikes out swinging
|
|
Batting: RHB Leon Doak
|
0-0: Called Strike 0-1: Ball 1-1: Ball 2-1: Foul Ball, location: 2F 2-2: Ball 3-2: Foul Ball, location: 2F 3-2: DOUBLE (Groundball, 5L, EV 106.9 MPH)
|
|
Batting: RHB Timothy Hume
|
0-0: Ball 1-0: Ground out 6-3 (Groundball, 6, EV 95.0 MPH)
|
| Bottom of the 6th over - 4 runs, 3 hits, 1 error, 1 left on base; Reno 2 - Salinas 4 |
| TOP OF THE 7TH |
|
Reno Silver Sox batting - Pitching for Salinas Fire Frogs : RHP Thomas Schneider
|
|
Batting: RHB Aldo Bagiotti
|
0-0: Called Strike 0-1: Ball 1-1: Swinging Strike 1-2: Ball 2-2: Strikes out swinging
|
|
Pitching: RHP Francis Reilly
|
|
|
Batting: RHB Jeffrey Boyd
|
0-0: Fly out, F9 (Line Drive, 9, EV 105.6 MPH)
|
|
Batting: LHB Robert Markham
|
0-0: SINGLE (Groundball, 4M, EV 81.9 MPH) (infield hit)
|
|
Batting: RHB Kelly Gruber
|
0-0: Called Strike Robert Markham steals 2nd base 0-1: Foul Ball, location: 2F 0-2: Ball 1-2: Strikes out swinging
|
| Top of the 7th over - 0 runs, 1 hit, 0 errors, 1 left on base; Reno 2 - Salinas 4 |
| BOTTOM OF THE 7TH |
|
Salinas Fire Frogs batting - Pitching for Reno Silver Sox : LHP Ramon Mena
|
|
Batting: RHB Fernando Olivero
|
0-0: Called Strike 0-1: Ball 1-1: Ground out 5-3 (Groundball, 56, EV 80.6 MPH)
|
|
Batting: SHB Sap Randall
|
0-0: Ball 1-0: Called Strike 1-1: Ball 2-1: Foul Ball, location: 2F 2-2: Foul Ball, location: 2F 2-2: Foul Ball, location: 2F 2-2: Foul Ball, location: 2F 2-2: Ground out 4-3 (Groundball, 4, EV 80.6 MPH)
|
|
Batting: RHB Kevin Mitchell
|
0-0: Ground out 3-1 (Groundball, 13, EV 85.0 MPH)
|
| Bottom of the 7th over - 0 runs, 0 hits, 0 errors, 0 left on base; Reno 2 - Salinas 4 |
| TOP OF THE 8TH |
|
Reno Silver Sox batting - Pitching for Salinas Fire Frogs : RHP Francis Reilly
|
|
Batting: LHB Felix Agapay
|
0-0: Ball 1-0: Ball 2-0: Foul Ball, location: 2F 2-1: Ball 3-1: Base on Balls
|
|
Batting: RHB Bill Crone
|
0-0: Foul Ball, location: 2F 0-1: Ball 1-1: Ball 2-1: Ball 3-1: Called Strike 3-2: SINGLE (Flyball, 89S, EV 89.4 MPH) Felix Agapay to second
|
|
Pinch Hitting: LHB Steve Sbragia
|
0-0: Fly out, F8 (Line Drive, 8LD, EV 101.3 MPH) Runner from 2nd tags up, SAFE at 3rd with throw by CF
|
|
Batting: LHB George Cecchetti
|
0-0: Called Strike 0-1: Ball 1-1: Fly out, F8 (Flyball, 8LS, EV 78.1 MPH)
|
|
Batting: SHB Grayling Tobias
|
0-0: Ball 1-0: Ball 2-0: Ball 3-0: Base on Balls Bill Crone to second
|
|
Batting: RHB Aldo Bagiotti
|
0-0: Called Strike 0-1: Ball 1-1: Fielders Choice at 2nd, 6-4 (Groundball, 6, EV 86.3 MPH)
|
| Top of the 8th over - 0 runs, 1 hit, 0 errors, 3 left on base; Reno 2 - Salinas 4 |
| BOTTOM OF THE 8TH |
|
Salinas Fire Frogs batting - Pitching for Reno Silver Sox : LHP Ramon Mena
|
|
Now in LF: Steve Sbragia
|
|
|
Batting: RHB Bruce Morrison
|
0-0: Swinging Strike 0-1: Called Strike 0-2: Ball 1-2: Ball 2-2: Strikes out swinging
|
|
Batting: RHB Wes Wesley
|
0-0: Ball 1-0: Ball 2-0: Ball 3-0: Called Strike 3-1: Fly out, F8 (Flyball, 8LM, EV 93.8 MPH)
|
|
Batting: RHB Frank Castro
|
0-0: Foul Ball, location: 2F 0-1: Ball 1-1: Fly out, F9 (Flyball, 9LM, EV 76.3 MPH)
|
| Bottom of the 8th over - 0 runs, 0 hits, 0 errors, 0 left on base; Reno 2 - Salinas 4 |
| TOP OF THE 9TH |
|
Reno Silver Sox batting - Pitching for Salinas Fire Frogs : RHP Francis Reilly
|
|
Now at 2B: Bruce Seid
|
|
|
Now at 3B: Richard Doss
|
|
|
Batting: RHB Jeffrey Boyd
|
0-0: Called Strike 0-1: Foul Ball, location: 2F 0-2: Strikes out looking
|
|
Batting: LHB Robert Markham
|
0-0: Called Strike 0-1: Ball 1-1: Ball 2-1: Called Strike 2-2: SINGLE (Groundball, 25, EV 68.8 MPH) (infield hit)
|
|
Batting: RHB Kelly Gruber
|
0-0: Grounds into double play, 4-6-3 (Groundball, 4, EV 80.6 MPH)
|
| Top of the 9th over - 0 runs, 1 hit, 0 errors, 0 left on base; Reno 2 - Salinas 4 |
|